 Dungeon Crawl Stone Soup version bcrawl-1.31.3 (webtiles) character file.

Game seed: 6711216950186764532

358889 MisterOstroum the Covert (level 12, -2/61 HPs)
             Began as a Spriggan Chaos Knight on Apr 16, 2021.
             Was a High Priest of Dithmenos.
             Slain by a black mamba (15 damage)
             ... on level 3 of the Lair of Beasts on Apr 17, 2021.
             The game lasted 01:07:45 (15466 turns).

MisterOstroum the Covert (Spriggan Chaos Knight)   Turns: 15466, Time: 01:07:45

Health: -2/61      AC:  4    Str:  6 (10) XL:     12   Next: 56%
Magic:  21/26      EV: 22    Int: 16 (17) God:    Dithmenos [*****.]
Gold:   859        SH:  0    Dex: 14 (15) Spells: 9/29 levels left

rFire    + . .     SeeInvis +   v - +0 rapier
rCold    . . .     Gourm    .   (shield restricted)
rNeg     . . .     Faith    .   O - +0 troll leather armour
rPois    .         Spirit   .   (helmet restricted)
rElec    .         Reflect  .   (no cloak)
rCorr    .         Harm     .   (gloves unavailable)
MR       ++...     Rnd*Rage +   (boots unavailable)
Stlth    +++++++...             t - amulet of magic regeneration
HPRegen  0.60/turn              u - ring "Vuukh" {+Fly rF+}
MPRegen  0.45/turn              L - ring of wizardry

@: wreathed by umbra, lightly drained, very quick
A: very small, unfitting armour, hooves 1, see invisible, berserk 1,
deterioration 1, herbivore, speed 3, screaming 1, slow metabolism 2, subdued
magic 1
a: Shadow Step, Shadow Form, Renounce Religion, Evoke Flight


You were on level 3 of the Lair of Beasts.
You worshipped Dithmenos.
Dithmenos was extremely pleased with you.
You were hungry.

You visited 2 branches of the dungeon, and saw 12 of its levels.
You also visited: Sewer and Ossuary.

You collected 1255 gold pieces.
You spent 396 gold pieces at shops.

Inventory:

Hand Weapons
 a - a +0 short sword of chaos
 b - a +0 hunting sling
 c - a +0 trident
 v - a +0 rapier (weapon)
 I - a +0 shortbow
Missiles
 d - 872 bolts
 g - 1085 arrows
 j - 1205 sling bullets
 o - 1496 stones
 G - 89 poisoned tomahawks (quivered)
 J - 184 poisoned needles
Armour
 N - a +1 robe of magic recovery
 O - a +0 troll leather armour (worn)
 U - a +0 robe of the Archmagi
 W - the +1 robe of the Raven {rC+ Dex+2, unknown}
   (You found it on level 4 of the Lair of Beasts)

   It affects your dexterity (+2).
   It protects you from cold.
Jewellery
 t - an amulet of magic regeneration (around neck)
 u - the ring "Vuukh" (left hand) {+Fly rF+}
   (You took it off an orc on level 6 of the Dungeon)

   [ring of flight]

   It protects you from fire.
   It lets you fly.
 A - a +2 ring of intelligence
 L - a ring of wizardry (right hand)
 S - an uncursed ring of protection from fire
Wands
 F - a wand of random effects (1)
 K - a wand of polymorph (13)
 M - a wand of iceblast (4)
 R - a wand of flame (23)
 T - a wand of digging (19)
Scrolls
 i - 2 scrolls of identify {@r1}
 m - 7 scrolls of immolation
 p - 6 scrolls of remove curse {@r2}
 q - a scroll of summoning {unknown}
 r - 3 scrolls of fog {!r}
 s - 2 scrolls of noise
 y - 2 scrolls of amnesia
 z - a scroll of enchant armour
 H - 5 scrolls of teleportation {@r3 !r}
 P - 4 scrolls of enchant weapon
 Q - a scroll of magic mapping {unknown}
 V - a scroll of brand weapon {unknown}
Potions
 f - 7 potions of mutation
 h - 2 potions of ambrosia
 k - 4 potions of lignification {@q6}
 l - 6 potions of curing {@q1 !q}
 n - 3 potions of haste {@q4 !q}
 w - 4 potions of flight
 x - 6 potions of resistance
 B - 2 potions of might {@q3 !q}
 C - 4 potions of heal wounds {@q2 !q}
 D - a potion of degeneration
 E - 4 potions of brilliance
Comestibles
 e - 22 rations {!d}


   Skills:
 + Level 6.2(6.1) Fighting
 - Level 10.2 Short Blades
 - Level 4.0(4.2) Slings
 - Level 2.4(3.9) Throwing
 - Level 9.2 Dodging
 - Level 10.5(10.4) Stealth
 * Level 9.2 Spellcasting
 - Level 8.9 Hexes
 - Level 3.0(2.9) Translocations
 - Level 7.0(6.9) Transmutations
 * Level 4.1 Earth Magic
 + Level 4.0 Invocations
 - Level 8.1(8.0) Evocations


You had 9 spell levels left.
You knew the following spells:

 Your Spells              Type           Power        Failure   Level  Hunger
a - Passwall              Tmut/Erth      ###.....     1%          2    None
b - Confuse               Hex            ####....     1%          3    None
c - Petrify               Tmut/Erth      ###.......   5%          4    ##.....
d - Invisibility          Hex            ####....     21%         6    ######.
z - Stone Arrow           Conj/Erth      ##....       7%          3    None
B - Blink                 Tloc           N/A          2%          2    None

Your spell library contained the following spells:

 Spells                   Type           Power        Failure   Level  Hunger
 Sandblast                Erth           ###...       1%          1    None
 Yara's Violent Unravell  Hex/Tmut       ####......   1%          4    ##.....
 Dazzling Orbs            Conj/Hex       ###....      2%          3    None
 Spider Form              Tmut/Pois      ##.          3%          3    None
 Magic Dart               Conj           #...         5%          1    None
 Call Imp                 Summ           #.....       9%          2    None
 Swiftness                Chrm/Air       #.......     9%          2    None
 Fulminant Prism          Conj/Hex       ###.......   9%          4    ##.....
 Conjure Flame            Conj/Fire      #.......     16%         3    None
 Mephitic Cloud           Conj/Pois/Air  #.......     16%         3    None
 Darkness                 Hex            ####......   21%         6    ######.
 Metabolic Englaciation   Hex/Ice        ###.......   24%         5    ####...
 Lee's Rapid Deconstruct  Erth           ###.......   28%         5    ####...
 Passage of Golubria      Tloc           N/A          38%         5    ####...
 Bolt of Draining         Conj/Necr      #.........   82%         5    ####...
 Iron Shot                Conj/Erth      ##........   97%         6    ######.
 Mana Rupture             Conj/Hex       ###.......   99%         7    #######
 Poison Arrow             Conj/Pois      #.........   100%        6    ######.
 Orb of Destruction       Conj           #.........   100%        7    #######
 Spellforged Servitor     Conj/Summ      #.........   100%        7    #######


Dungeon Overview and Level Annotations

Branches:
Dungeon (8/12)             Temple (0/1) D:7            Lair (4/6) D:7
  Snake (0/3) Lair:3
  Swamp: Lair:2-4    Shoals: Lair:2-4       Orc: D:8-11

Altars:
Ashenzari
Cheibriados
Dithmenos
Elyvilon
Kikubaaqudgha
Makhleb
Nemelex Xobeh
Qazlal
Trog
Wu Jian
Xom

Shops:
D:4 [   D:5 !   D:6 *

Annotations:
D:3 1 runed translucent door, Myur's ghost, amateur HuRg
D:7 1 runed door, exclusion: statue
D:8 3 runed translucent doors, 1 exclusion, Sapher's ghost, amateur FeAK
Lair:1 exclusion: oklob plant
Lair:4 Harold


Innate Abilities, Weirdness & Mutations

You are very small and have problems with some larger weapons.
You are too small for most types of armour.
You have supernaturally acute eyesight. (SInv)
You are a herbivore.
You cover ground extremely quickly.
You need to consume almost no food.
You have large cloven feet.
You tend to lose your temper in combat.
Your body sometimes deteriorates upon taking damage.
You occasionally shout uncontrollably at your foes.
Your spells are a little easier to cast, but a little less powerful.


Message History

(? for menu, Esc to cancel) < or
A - a +2 ring of intelligence; > or
L - a ring of wizardry You remove your +2 ring of intelligence.
You feel stupid.
Harold hits you with a +0 trident of venom!!
You are poisoned.
u - the ring "Vuukh" (left hand) {+Fly rF+} You feel sick.
Okay, then.
Unknown command.
You feel sick.
Harold hits you with a +0 trident of venom.
You are more poisoned.
Found an escape hatch in the floor.
There is a stone staircase leading down here.
You feel sick.
You feel sick.
Really walk into a travel-excluded area?
You feel sick.
Harold throws a throwing net.
The throwing net misses you.
The throwing net hits the plant.
The net is caught on the plant!
You feel sick.
You feel sick.
You feel sick.
There is an escape hatch in the floor here.
You feel sick.
Harold casts a spell.
Harold blinks!
You feel sick.
Harold hits you from afar with a +0 trident of venom!
* * * LOW HITPOINT WARNING * * *
You feel sick.
Xom pokes at a nearby escape hatch.
The escape hatch in the floor slides away from you!
You are now a toy of Xom.
You feel sick.
Harold zaps a wand.
The mass of ice explodes!
The iceblast engulfs you!
* * * LOW HITPOINT WARNING * * *
The iceblast engulfs the fungus!
You hear a roar!
You hear an angry hiss.
Really quaff
C - 7 potions of heal wounds {@q2 !q}?
You feel much better.
You feel sick.
Harold zaps a wand.
The mass of ice explodes!
The iceblast engulfs you!!
* * * LOW HITPOINT WARNING * * *
The iceblast engulfs the fungus!
Really quaff
C - 6 potions of heal wounds {@q2 !q}?
You feel much better.
You feel sick.
Harold says, "I was hoping my final job would be more of a challenge, but money is money."
Harold throws a throwing net.
The throwing net closely misses you.
You feel sick.
You feel sick.
A black mamba comes into view.
You feel sick.
Harold zaps a wand.
The mass of ice explodes!
The iceblast engulfs you!
* * * LOW HITPOINT WARNING * * *
Really quaff
C - 5 potions of heal wounds {@q2 !q}?
You feel much better.
You feel sick.
Harold zaps a wand.
The mass of ice explodes!
The iceblast engulfs you!
Okay, then.
The black mamba completely misses you.
You feel sick. The black mamba barely misses you.
You feel sick. The black mamba bites you!
* * * LOW HITPOINT WARNING * * *
The stone staircase leading up slides away as you move beside it!
You can't go up here!
The stone staircase leading up slides away as you move beside it!
You feel sick. The black mamba closely misses you. The black mamba misses you.
There is a stone staircase leading up here.
You feel sick. The black mamba closely misses you.
Harold mumbles some strange words.
Harold blinks!
The black mamba completely misses you.
You climb upwards.
You feel sick.
There is a stone staircase leading down here.
Casting: Confuse (safe; 1% risk of failure)
Confirm with . or Enter, or press ? or * to list all spells.
Aiming: Confuse (safe; 1% risk of failure)
Press: ? - help, Shift-Dir - straight line, f - black mamba
Aim: a black mamba (umbra, chance to defeat MR: 56%)
Okay, then.
Casting: Confuse (safe; 1% risk of failure)
Confirm with . or Enter, or press ? or * to list all spells.
Aiming: Petrify (safe; 5% risk of failure)
Press: ? - help, Shift-Dir - straight line, f - black mamba
Aim: a black mamba (umbra, chance to defeat MR: 59%)
The black mamba resists with significant effort.
The black mamba completely misses you. The black mamba bites you!
* * * LOW HITPOINT WARNING * * *
Really quaff
l - 7 potions of curing {@q1 !q}?
You feel better. The black mamba barely misses you. The black mamba misses you.
Casting: Petrify (safe; 5% risk of failure)
Confirm with . or Enter, or press ? or * to list all spells.
Aiming: Confuse (safe; 1% risk of failure)
Press: ? - help, Shift-Dir - straight line, f/p - black mamba
Aim: a black mamba (umbra, chance to defeat MR: 56%)
The black mamba appears confused.
The black mamba completely misses you.
You hit the black mamba but do no damage.
The black mamba misses you.
You hit the black mamba but do no damage.
The black mamba bites you!
You die...

.....P.#.........P.#.............
.##...........P..####............
###.#....##....P## #.............
###P...#.#.#### ##............
##.P.##### #............ ###..###
#######............
##.#..###..................
#..##......................
#P........@S...............
###..........>.....#....>....
###...........[.....#.#.#..PP#P
#...................###########
###.###................#
#.....##...............#
##...###..............##
.......##.....<........#
.......##.............##


You could see a black mamba (confused).

Vanquished Creatures
  2 two-headed ogres
  A lindwurm (Lair:3)
  5 elephants
  A torpor snail (Lair:3)
  3 black mambas (Lair:1)
  8 cane toads
  A rime drake (Lair:3)
  8 komodo dragons
  3 trolls
  A polar bear (Lair:2)
  A hippogriff (Lair:1)
  A hornet (shapeshifter) (Lair:2)
  Prince Ribbit (D:7)
  A raiju (shapeshifter) (Lair:3)
  3 dream sheep (Lair:4)
  6 blink frogs
  A spriggan (D:8)
  A tarantella (D:6)
  A shadow (D:7)
  16 yaks
  A basilisk (Lair:3)
  A hog (shapeshifter) (Lair:3)
  A hungry ghost (D:8)
  2 nagas (Lair:3)
  4 crocodiles
  A water moccasin (Lair:1)
  A swamp drake (Lair:4)
  6 porcupines
  2 sky beasts
  A black bear (D:7)
  3 orc warriors
  3 ice beasts
  2 ogres (D:5)
  A necrophage (D:5)
  A phantom (D:5)
  3 centaurs
  A big kobold (Sewer)
  7 bullfrogs
  3 wights (D:8)
  A centaur zombie (D:6)
  2 electric eels
  3 crimson imps
  2 bullfrog zombies (D:5)
  A quasit (D:5)
  2 hounds
  A bullfrog skeleton (D:7)
  10 jellies
  4 orc priests
  A centaur skeleton (D:6)
  An iguana (D:7)
  8 orc wizards
  2 hell rats
  7 worker ants
  2 big kobold zombies (Ossuary)
  8 mummies (Ossuary)
  A howler monkey zombie (D:6)
  3 worker ant zombies
  A gnoll (shapeshifter) (D:8)
  4 adders
  10 river rats
  18 oozes
  3 adder zombies
  3 adder skeletons
  4 worms
  3 dart slugs
  5 leopard geckos
  25 orcs
  10 bats
  A bat zombie (D:5)
  5 giant cockroaches
  5 hobgoblins
  9 jackals
  4 quokkas
  2 ball pythons
  2 frilled lizards (D:4)
  2 gnoll zombies (Ossuary)
  5 goblins
  A jackal skeleton (D:2)
  A jackal zombie (D:5)
  6 kobolds
  3 kobold zombies (Ossuary)
  2 orc zombies (Ossuary)
  11 rats
313 creatures vanquished.

Vanquished Creatures (collateral kills)
  Erica (Lair:2)
  A black mamba (Lair:1)
  A cane toad (Lair:1)
  A hippogriff (Lair:1)
  2 dream sheep (Lair:3)
  A naga (Lair:3)
  2 water moccasins
  An ice beast (D:6)
  A bullfrog (D:7)
  2 scorpions (D:4)
  A worm (D:4)
  4 orcs
18 creatures vanquished.

Vanquished Creatures (others)
  7 fungi
  14 plants
21 creatures vanquished.

Grand Total: 352 creatures vanquished

Notes
Turn   | Place    | Note
-------+----------+-------------------------------------------
     0 | D:1      | MisterOstroum the Spriggan Chaos Knight began the quest for
                  | the Orb.
     0 | D:1      | Reached XP level 1. HP: 11/11 MP: 2/2
   109 | D:1      | Reached skill level 1 in Stealth
   124 | D:1      | Reached XP level 2. HP: 10/16 MP: 3/3
   212 | D:1      | XOM: silly message
   300 | D:1      | XOM: scenery: create altars
   347 | D:1      | XOM: harmless Fire miscast
   713 | D:1      | Reached XP level 3. HP: 19/19 MP: 4/4
  1102 | D:2      | XOM: cloud trail
  1428 | D:2      | XOM: cast spell 'Summon Ice Beast'
  1436 | D:2      | Reached XP level 4. HP: 18/24 MP: 5/5
  1923 | D:3      | XOM: god gift: paperback book {god gift}
  2008 | D:3      | Found a glowing drain.
  2023 | Sewer    | Entered a sewer
  2097 | Sewer    | Noticed a big kobold
  2112 | Sewer    | XOM: mild Tmut miscast
  2126 | Sewer    | Killed a big kobold
  2127 | Sewer    | Reached skill level 1 in Slings
  2127 | Sewer    | Reached XP level 5. HP: 27/28 MP: 6/6
  2171 | Sewer    | Found a white marble altar of Elyvilon.
  2252 | D:3      | Noticed Myur's ghost (amateur HuRg)
  2258 | D:3      | Found a runed translucent door.
  2260 | D:3      | Found a faded altar of an unknown god.
  2280 | D:3      | Fell from the grace of Xom
  2280 | D:3      | Became a worshipper of Dithmenos the Shadowed
  2280 | D:3      | Reached * piety under Dithmenos
  2367 | D:3      | XOM: chaos upgrade
  2379 | D:3      | XOM: god gift: 174 sling bullets
  2383 | D:3      | XOM: enchant monster (bad)
  2657 | D:3      | XOM: summons 2 hostile demons
  2670 | D:3      | XOM: give mutations
  2670 | D:3      | Gained mutation: You are frail. (-10% HP) [Xom's mischief]
  2670 | D:3      | Gained mutation: You evolve. [Xom's mischief]
  2670 | D:3      | Gained mutation: Your body sometimes deteriorates upon
                  | taking damage. [Xom's mischief]
  3011 | D:3      | XOM: give mutations
  3011 | D:3      | Lost mutation: You are frail. (-10% HP) [Xom's mischief]
  3011 | D:3      | Gained mutation: You tend to lose your temper in combat.
                  | [Xom's mischief]
  3055 | D:3      | Gained mutation: You have large cloven feet. [evolution]
  3055 | D:3      | Lost mutation: You evolve. [end of evolution]
  3112 | D:4      | Noticed a sky beast
  3135 | D:4      | Reached XP level 6. HP: 32/32 MP: 7/7
  3364 | D:3      | XOM: scenery: create altars
  3397 | D:3      | XOM: 3-stop teleportation journey
  3577 | D:4      | XOM: summons friendly white imp
  3585 | D:4      | Killed a sky beast
  3635 | D:4      | XOM: god gift: 6 rations
  3640 | D:4      | XOM: god gift: brown potion {god gift}
  3642 | D:4      | XOM: summons friendly chaos spawn
  3644 | D:4      | Reached skill level 5 in Short Blades
  3644 | D:4      | Reached XP level 7. HP: 36/36 MP: 8/8
  3770 | D:4      | XOM: scenery: create altars
  3830 | D:4      | Found a snail-covered altar of Cheibriados.
  4178 | D:4      | Found Nouwkoogi's Armour Boutique.
  4217 | D:5      | Entered Level 5 of the Dungeon
  4260 | D:5      | XOM: confusion
  4321 | D:4      | XOM: summons 4 hostile shadow creatures
  4460 | D:5      | XOM: summons 3 hostile demons
  4603 | D:5      | Found Vephogam's Distillery.
  4609 | D:5      | Bought a potion of degeneration for 13 gold pieces
  4609 | D:5      | Bought a potion of might for 52 gold pieces
  4609 | D:5      | Bought a potion of heal wounds for 65 gold pieces
  4609 | D:5      | Bought a potion of curing for 32 gold pieces
  4609 | D:5      | Bought a potion of curing for 32 gold pieces
  4609 | D:5      | Bought a potion of curing for 32 gold pieces
  4609 | D:5      | Bought a potion of heal wounds for 65 gold pieces
  4801 | D:5      | Noticed a water elemental
  4916 | D:5      | Reached ** piety under Dithmenos
  4917 | D:5      | Reached skill level 5 in Stealth
  5016 | D:5      | Reached skill level 1 in Invocations
  5016 | D:5      | Reached XP level 8. HP: 26/42 MP: 9/9
  5024 | D:5      | Reached skill level 5 in Dodging
  5107 | D:5      | Reached skill level 1 in Throwing
  5149 | D:5      | Found a stormy altar of Qazlal.
  5151 | D:5      | Noticed an air elemental
  5206 | D:5      | XOM: summons 4 hostile demons
  5289 | D:5      | XOM: summons 2 hostile shadow creatures
  5338 | D:5      | XOM: 4-stop teleportation journey
  5377 | D:5      | XOM: enchant monster (good)
  5428 | D:5      | Found a bloodstained altar of Trog.
  5463 | D:5      | XOM: stat loss: -1 Str (9/10)
  5533 | D:5      | XOM: give mutations
  5533 | D:5      | Gained mutation: Your spells are a little easier to cast,
                  | but a little less powerful. [Xom's mischief]
  5533 | D:5      | Gained mutation: You occasionally shout uncontrollably at
                  | your foes. [Xom's mischief]
  5586 | D:5      | XOM: mild Summ miscast
  5766 | D:6      | Noticed a five-headed hydra
  5838 | D:6      | XOM: noise
  5848 | D:6      | XOM: medium Ice miscast
  5859 | D:6      | XOM: harmless Hex miscast
  5965 | D:6      | XOM: smoke on damage
  5980 | D:6      | XOM: polymorph orc priest -> adder
  5999 | D:6      | Noticed a hippogriff
  6044 | D:6      | XOM: summons 8 friendly demons
  6113 | D:6      | Found a sand-covered staircase.
  6119 | Ossuary  | Entered an ossuary
  6161 | Ossuary  | XOM: scenery: create altars
  6165 | Ossuary  | XOM: confuse monster(s)
  6186 | Ossuary  | XOM: summons friendly shadow imp
  6223 | Ossuary  | Reached *** piety under Dithmenos
  6388 | D:6      | XOM: 1-stop teleportation journey
  6455 | D:6      | Found a burning altar of Makhleb.
  6554 | D:6      | XOM: fog
  6565 | D:6      | XOM: cleaving
  6652 | D:6      | Identified the ring "Vuukh" {+Fly rF+}
  6710 | D:6      | XOM: mild Conj miscast
  6720 | D:6      | XOM: medium Tmut miscast
  6847 | D:6      | Found Utyhoig's Elemental Accessories.
  6855 | D:6      | Bought a wand of iceblast (4) for 105 gold pieces
  6871 | D:6      | XOM: noise
  6949 | D:6      | Noticed a jumping spider
  6949 | D:6      | a hippogriff changed into a jumping spider
  6949 | D:6      | XOM: polymorph hippogriff -> jumping spider
  6964 | D:6      | XOM: butterfly on damage
  6966 | D:6      | a jumping spider changed into a tarantella
  6971 | D:6      | Reached skill level 1 in Evocations
  6973 | D:6      | XOM: silly message
  6997 | D:6      | XOM: mild Necr miscast
  7000 | D:6      | Reached skill level 5 in Fighting
  7171 | D:6      | XOM: harmless Air miscast
  7230 | D:6      | XOM: harmless Erth miscast
  7347 | D:6      | XOM: divination: detect creatures
  7567 | D:7      | Noticed Prince Ribbit
  7569 | D:7      | XOM: cleaving
  7570 | D:7      | XOM: summons friendly crimson imp
  7578 | D:7      | XOM: enchant monster (good)
  7587 | D:7      | Killed Prince Ribbit
  7588 | D:7      | Reached XP level 9. HP: 43/47 MP: 12/12
  7599 | D:7      | XOM: polymorph crimson imp -> iron imp
  7686 | D:7      | Learned a level 2 spell: Passwall
  7690 | D:7      | Learned a level 3 spell: Confuse
  7767 | D:7      | Reached skill level 1 in Hexes
  7809 | D:7      | Found a white marble altar of Elyvilon.
  7843 | D:7      | Noticed a troll
  7925 | D:7      | Found a shadowy altar of Dithmenos.
  7942 | D:7      | Found a staircase to the Lair.
  7942 | D:7      | XOM: 1-stop teleportation journey
  7943 | D:7      | Noticed an elephant
  7962 | D:7      | XOM: summons friendly white imp
  7990 | D:7      | Reached skill level 1 in Transmutations
  8000 | D:7      | Noticed a dryad
  8000 | D:7      | XOM: mild Necr miscast
  8087 | D:7      | XOM: cast spell 'Leda's Liquefaction'
  8095 | D:7      | Killed an elephant
  8214 | D:7      | Found a staircase to the Ecumenical Temple.
  8241 | D:7      | Found an ornate altar of the Wu Jian Council.
  8257 | D:7      | Found a runed door.
  8384 | D:7      | Found a shattered altar of Ashenzari.
  8458 | D:7      | XOM: silly message
  8460 | D:7      | XOM: enchant monster (bad)
  8463 | D:7      | XOM: enchant monster (good)
  8472 | D:7      | Reached skill level 5 in Evocations
  8832 | D:7      | Killed a troll
  8871 | D:8      | Noticed a kobold demonologist
  8872 | D:8      | Noticed Sapher's ghost (amateur FeAK)
  8990 | D:8      | XOM: confuse monster(s)
  9050 | D:8      | Noticed a komodo dragon
  9050 | D:8      | XOM: potion effect (might)
  9067 | D:8      | XOM: potion effect (might)
  9081 | D:8      | Killed a komodo dragon
  9112 | D:8      | Noticed a troll
  9147 | D:8      | Killed a troll
  9148 | D:8      | Reached XP level 10. HP: 51/51 MP: 15/15
  9154 | D:8      | Reached **** piety under Dithmenos
  9156 | D:8      | XOM: silly message
  9206 | D:8      | XOM: divination: detect items
  9244 | D:8      | Found a runed translucent gate.
  9244 | D:8      | Found a runed translucent gate.
  9245 | D:8      | Found a runed translucent gate.
  9252 | D:8      | XOM: divination: detect items
  9271 | D:8      | XOM: harmless Hex miscast
  9353 | D:8      | Found a sparkling altar of Nemelex Xobeh.
  9357 | D:8      | Noticed a two-headed ogre
  9362 | D:8      | XOM: cloud trail
  9368 | D:8      | XOM: butterfly on damage
  9378 | D:8      | XOM: mild Pois miscast
  9566 | D:8      | XOM: cast spell 'Call Canine Familiar'
  9592 | D:7      | Reached skill level 1 in Spellcasting
  9686 | D:8      | Found an ancient bone altar of Kikubaaqudgha.
  9752 | D:8      | XOM: polymorph orc -> frilled lizard
  9763 | D:8      | XOM: cloud trail
 10008 | D:8      | XOM: divination: magic mapping
 10010 | D:8      | XOM: divination: detect creatures
 10023 | D:8      | XOM: harmless Ice miscast
 10057 | D:8      | Reached skill level 5 in Hexes
 10104 | D:8      | XOM: harmless Chrm miscast
 10106 | D:8      | XOM: confusion
 10110 | D:8      | XOM: cast spell 'Cause Fear'
 10113 | D:8      | Killed a two-headed ogre
 10114 | D:8      | Reached skill level 10 in Short Blades
 10157 | D:8      | XOM: confuse monster(s)
 10212 | D:8      | XOM: mild Fire miscast
 10324 | D:8      | Reached skill level 1 in Earth Magic
 10425 | D:7      | XOM: confuse monster(s)
 10427 | D:7      | XOM: divination: detect items
 10428 | Lair:1   | Entered Level 1 of the Lair of Beasts
 10463 | Lair:1   | Learned a level 2 spell: Blink
 10470 | Lair:1   | XOM: harmless Summ miscast
 10480 | Lair:1   | Noticed a black mamba
 10513 | Lair:1   | XOM: mild Ice miscast
 10516 | Lair:1   | XOM: divination: detect creatures
 10535 | Lair:1   | XOM: summons 10 friendly demons
 10538 | Lair:1   | Reached skill level 1 in Translocations
 10541 | Lair:1   | Noticed a cane toad
 10548 | Lair:1   | XOM: smoke on damage
 10552 | Lair:1   | Killed a cane toad
 10553 | Lair:1   | Noticed a black mamba
 10562 | Lair:1   | Killed a black mamba
 10604 | Lair:1   | Learned a level 4 spell: Petrify
 10611 | Lair:1   | Noticed a black mamba
 10619 | Lair:1   | Killed a black mamba
 10620 | Lair:1   | Reached skill level 5 in Transmutations
 10626 | Lair:1   | Found the +6 shillelagh "Devastator" {shatter}
 10648 | Lair:1   | Reached XP level 11. HP: 56/56 MP: 2/17
 10759 | Lair:1   | XOM: potion effect (brilliance)
 10774 | Lair:1   | XOM: divination: magic mapping
 10962 | Lair:1   | XOM: divination: magic mapping
 11004 | Lair:1   | XOM: silly message
 11144 | Lair:1   | XOM: cast spell 'Call Canine Familiar'
 11149 | Lair:1   | XOM: noise
 11172 | Lair:1   | XOM: potion effect (invisibility)
 11237 | Lair:1   | Reached skill level 5 in Spellcasting
 11263 | Lair:1   | Reached ***** piety under Dithmenos
 11307 | Lair:1   | Noticed an oklob plant
 11876 | Lair:2   | XOM: stealth player
 11876 | Lair:2   | XOM: mild Tmut miscast
 11936 | Lair:2   | Noticed Erica
 11938 | Lair:2   | XOM: summons friendly shadow imp
 11962 | Lair:2   | Killed Erica
 11963 | Lair:2   | XOM: silly message
 12002 | Lair:2   | XOM: harmless Necr miscast
 12068 | Lair:2   | XOM: enchant monster (bad)
 12075 | Lair:2   | XOM: harmless Air miscast
 12081 | Lair:2   | Reached skill level 10 in Stealth
 12091 | Lair:2   | XOM: mild Tloc miscast
 12097 | Lair:2   | XOM: blink monster(s)
 12392 | Lair:2   | XOM: chaos cloud
 12498 | Lair:2   | XOM: 2-stop teleportation journey
 12977 | Lair:3   | XOM: mild Pois miscast
 12982 | Lair:3   | Noticed a two-headed ogre
 12982 | Lair:3   | a yak changed into a two-headed ogre
 12982 | Lair:3   | XOM: polymorph yak -> two-headed ogre
 12984 | Lair:3   | XOM: enchant monster (good)
 13001 | Lair:3   | XOM: god gift: 23 gold pieces
 13020 | Lair:3   | Killed a two-headed ogre
 13043 | Lair:3   | XOM: cleaving
 13049 | Lair:3   | XOM: enchant monster (good)
 13053 | Lair:3   | XOM: enchant monster (good)
 13164 | Lair:3   | Found a staircase to the Snake Pit.
 13183 | Lair:3   | XOM: 3-stop teleportation journey
 13196 | Lair:3   | XOM: divination: detect creatures
 13258 | Lair:3   | XOM: summons 11 friendly demons
 13268 | Lair:3   | Reached XP level 12. HP: 60/60 MP: 24/24
 13407 | Lair:3   | XOM: cloud trail
 13505 | Lair:3   | XOM: god gift: wand of digging (19)
 13596 | Lair:3   | XOM: enchant monster (good)
 13669 | Lair:3   | XOM: cleaving
 13725 | Lair:3   | Learned a level 6 spell: Invisibility
 13726 | Lair:3   | XOM: cleaving
 13739 | Lair:3   | XOM: divination: detect creatures
 13748 | Lair:3   | XOM: potion effect (magic)
 13749 | Lair:3   | XOM: harmless Erth miscast
 13750 | Lair:3   | XOM: potion effect (might)
 13760 | Lair:3   | HP: 2/60 [lindwurm/blast of flame (21)]
 13769 | Lair:3   | XOM: confusion (+ monsters)
 13779 | Lair:3   | XOM: confuse monster(s)
 14076 | Lair:3   | XOM: noise
 14134 | Lair:3   | Learned a level 3 spell: Stone Arrow
 14439 | Lair:4   | Noticed Harold
 14538 | Lair:4   | XOM: polymorph dream sheep -> yak
 14773 | Lair:4   | XOM: confuse monster(s)
 14776 | Lair:4   | XOM: summons friendly shadow imp
 14928 | Lair:4   | XOM: polymorph cane toad -> ice beast
 14942 | Lair:4   | XOM: potion effect (heal wounds)
 14967 | Lair:4   | XOM: polymorph blink frog -> swamp drake
 15024 | Lair:3   | XOM: repel stairs
 15211 | Lair:4   | Got a fabulously ornate robe
 15398 | Lair:4   | XOM: polymorph elephant -> sky beast
 15415 | Lair:4   | XOM: 1-stop teleportation journey
 15431 | Lair:4   | XOM: divination: magic mapping
 15431 | Lair:4   | Noticed a four-headed hydra
 15432 | Lair:4   | XOM: swap monsters
 15445 | Lair:4   | XOM: repel stairs
 15447 | Lair:4   | HP: 3/61 [Harold/wand of iceblast (5) (23)]
 15461 | Lair:3   | HP: 2/61 [black mamba (11)]
 15466 | Lair:3   | Slain by a black mamba

Skill      XL: |  1  2  3  4  5  6  7  8  9 10 11 12 |
---------------+-------------------------------------+-----
Stealth        | 2 3 4 5 6 8 10 | 10.5
Short Blades   | 4 5 6 8 9 10 | 10.2
Fighting       | 3 4 5 6 |  6.2
Slings         | 1 2 4 |  4.0
Dodging        | 4 6 7 8 9 |  9.2
Invocations    | 1 3 4 |  4.0
Throwing       | 2 |  2.4
Evocations     | 3 6 7 8 |  8.1
Hexes          | 4 5 8 |  8.9
Transmutations | 3 5 7 |  7.0
Spellcasting   | 3 7 9 |  9.2
Earth Magic    | 2 4 |  4.1
Translocations | 2 3 |  3.0

Action                   |  1- 3 |  4- 6 |  7- 9 | 10-12 || total
-------------------------+-------+-------+-------+-------++-------
Melee: Short sword       |   104 |   165 |   334 |   638 ||  1241
       Rapier            |       |    20 |       |    14 ||    34
       Kick              |       |     6 |    74 |   184 ||   264
 Fire: Hunting sling     |     2 |   125 |   172 |   174 ||   473
Throw: Stone             |     3 |       |       |       ||     3
       Tomahawk          |       |       |    43 |    55 ||    98
 Cast: Confuse           |       |       |     2 |    89 ||    91
       Petrify           |       |       |       |     7 ||     7
       Blink             |       |       |       |     1 ||     1
Invok: Shadow Step       |       |       |     4 |    23 ||    27
Evoke: Wand              |       |       |     5 |    13 ||    18
  Use: Scroll            |       |     2 |    14 |     2 ||    18
       Potion            |       |     2 |       |     7 ||     9
 Stab: Sleeping          |    13 |     2 |     7 |     9 ||    31
       Confused          |     1 |     1 |     7 |    38 ||    47
       Petrified         |     1 |     1 |     2 |     9 ||    13
       Distracted        |     1 |       |     3 |     4 ||     8
       Petrifying        |     1 |       |     2 |     9 ||    12
       Paralysed         |       |       |     5 |     5 ||    10
       Invisible         |       |       |       |     7 ||     7
  Eat: Ration            |       |     3 |     5 |     6 ||    14
Armor: Robe              |    13 |    23 |    26 |       ||    62
       Troll leather arm |       |       |     5 |    27 ||    32
Dodge: Dodged            |    67 |   236 |   289 |   503 ||  1095
